| TOP OF THE 1ST |
|
Wichita State University Shockers batting - Pitching for Oklahoma State University Cowboys : RHP Jeff Shelton
|
|
Pitching: RHP Jeff Shelton
|
|
|
Batting: RHB Jonathan Iniguez
|
0-0: Foul Ball, location: 2F 0-1: Called Strike 0-2: Foul Ball, location: 2F 0-2: Foul Ball, location: 2F 0-2: Ball 1-2: Foul Ball, location: 2F 1-2: Strikes out swinging
|
|
Batting: RHB Kieron Clark
|
0-0: Ball 1-0: Ball 2-0: Called Strike 2-1: Fly out, F9 (Flyball, 9, EV 91.2 MPH)
|
|
Batting: RHB Zach Maguire
|
0-0: Ball 1-0: Ground out 5-3 (Groundball, 56, EV 86.2 MPH)
|
| Top of the 1st over - 0 runs, 0 hits, 0 errors, 0 left on base; Wichita State University 0 - Oklahoma State University 0 |
| BOTTOM OF THE 1ST |
|
Oklahoma State University Cowboys batting - Pitching for Wichita State University Shockers : RHP Muckle Wildriver
|
|
Pitching: RHP Muckle Wildriver
|
|
|
Batting: RHB Josh Hopp
|
0-0: Swinging Strike 0-1: Swinging Strike 0-2: Strikes out swinging
|
|
Batting: RHB Wiliama Dana
|
0-0: Called Strike 0-1: Foul Ball, location: 2F 0-2: Ball 1-2: Ball 2-2: SINGLE (Groundball, 4MD, EV 102.5 MPH) (infield hit)
|
|
Batting: LHB Ian Cranton
|
0-0: Foul Ball, location: 2F 0-1: Called Strike 0-2: Ball 1-2: Strikes out swinging
|
|
Batting: RHB Larry Clark
|
0-0: Ball 1-0: Swinging Strike 1-1: Ball 2-1: Called Strike 2-2: Ground out 5-3 (Groundball, 5L, EV 86.9 MPH)
|
| Bottom of the 1st over - 0 runs, 1 hit, 0 errors, 1 left on base; Wichita State University 0 - Oklahoma State University 0 |
| TOP OF THE 2ND |
|
Wichita State University Shockers batting - Pitching for Oklahoma State University Cowboys : RHP Jeff Shelton
|
|
Batting: LHB Steve LeGrand
|
0-0: Called Strike 0-1: Called Strike 0-2: Strikes out swinging
|
|
Batting: RHB Nick Gossman
|
0-0: Swinging Strike 0-1: Ball 1-1: Ball 2-1: Ball 3-1: SOLO HOME RUN (Flyball, 7D, EV 115.0 MPH), Distance : 434 ft
|
|
Batting: RHB Bill Nguyen-Tan
|
0-0: Ground out 5-3 (Groundball, 5, EV 107.5 MPH)
|
|
Batting: RHB Brad Brady
|
0-0: Ball 1-0: Foul Ball, location: 2F 1-1: Fly out, F8 (Flyball, 8LXD, EV 94.4 MPH)
|
| Top of the 2nd over - 1 run, 1 hit, 0 errors, 0 left on base; Wichita State University 1 - Oklahoma State University 0 |
| BOTTOM OF THE 2ND |
|
Oklahoma State University Cowboys batting - Pitching for Wichita State University Shockers : RHP Muckle Wildriver
|
|
Batting: SHB Tyler Maddux
|
0-0: Ball 1-0: Ball 2-0: Swinging Strike 2-1: Called Strike 2-2: Foul Ball, location: 2F 2-2: Foul Ball, location: 2F 2-2: Foul Ball, location: 2F 2-2: Ball 3-2: Foul Ball, location: 2F 3-2: Ground out 5-3 (Groundball, 5D, EV 104.4 MPH)
|
|
Batting: RHB Mario Arriero
|
0-0: Ball 1-0: Called Strike 1-1: Swinging Strike 1-2: Strikes out looking
|
|
Batting: LHB Ed Talamantes
|
0-0: Ball 1-0: Ball 2-0: Ball 3-0: Called Strike 3-1: Base on Balls
|
|
Batting: LHB Orlando Rivera
|
0-0: Ball 1-0: Called Strike 1-1: SINGLE (Flyball, 6D, EV 93.1 MPH) Ed Talamantes to second
|
|
Batting: RHB Justin Dunham
|
0-0: Ball 1-0: Fly out, F7 (Line Drive, 7, EV 88.8 MPH)
|
| Bottom of the 2nd over - 0 runs, 1 hit, 0 errors, 2 left on base; Wichita State University 1 - Oklahoma State University 0 |
| TOP OF THE 3RD |
|
Wichita State University Shockers batting - Pitching for Oklahoma State University Cowboys : RHP Jeff Shelton
|
|
Batting: SHB Houston Phillips
|
0-0: Ground out 5-3 (Groundball, 56, EV 79.4 MPH)
|
|
Batting: LHB Bill Girton
|
0-0: Ball 1-0: Fly out, F4 (Flyball, 4D, EV 82.5 MPH)
|
|
Batting: RHB Jonathan Iniguez
|
0-0: Ball 1-0: Foul Ball, location: 2F 1-1: Called Strike 1-2: Ball 2-2: Foul Ball, location: 2F 2-2: SINGLE (Groundball, 6MD, EV 95.6 MPH)
|
|
Batting: RHB Kieron Clark
|
0-0: Ball 1-0: SINGLE (Flyball, 34D, EV 84.4 MPH) Jonathan Iniguez to second Runner from 2nd tries for 3rd, SAFE, throw by RF made to third
|
|
Batting: RHB Zach Maguire
|
0-0: Foul Ball, location: 2F 0-1: Swinging Strike 0-2: Strikes out looking
|
| Top of the 3rd over - 0 runs, 2 hits, 0 errors, 2 left on base; Wichita State University 1 - Oklahoma State University 0 |
| BOTTOM OF THE 3RD |
|
Oklahoma State University Cowboys batting - Pitching for Wichita State University Shockers : RHP Muckle Wildriver
|
|
Batting: RHB Josh Hopp
|
0-0: Foul Ball, location: 2F 0-1: Foul Ball, location: 2F 0-2: Ball 1-2: Ball 2-2: Strikes out swinging
|
|
Batting: RHB Wiliama Dana
|
0-0: Ball 1-0: Ball 2-0: Ball 3-0: Called Strike 3-1: Base on Balls
|
|
Batting: LHB Ian Cranton
|
0-0: SINGLE (Line Drive, 5D, EV 106.2 MPH) Wiliama Dana to second
|
|
Batting: RHB Larry Clark
|
0-0: Fielders Choice at 2nd, 3-6 (Groundball, 34, EV 100.0 MPH) Wiliama Dana to third
|
|
Batting: SHB Tyler Maddux
|
0-0: Ground out 4-3 (Groundball, 34D, EV 85.6 MPH)
|
| Bottom of the 3rd over - 0 runs, 1 hit, 0 errors, 2 left on base; Wichita State University 1 - Oklahoma State University 0 |
| TOP OF THE 4TH |
|
Wichita State University Shockers batting - Pitching for Oklahoma State University Cowboys : RHP Jeff Shelton
|
|
Batting: LHB Steve LeGrand
|
0-0: SINGLE (Groundball, 6MD, EV 105.0 MPH)
|
|
Batting: RHB Nick Gossman
|
0-0: Grounds into double play, 4-6-3 (Groundball, 4, EV 97.5 MPH)
|
|
Batting: RHB Bill Nguyen-Tan
|
0-0: Foul Ball, location: 2F 0-1: Ball 1-1: Fly out, F9 (Flyball, 9D, EV 75.0 MPH)
|
| Top of the 4th over - 0 runs, 1 hit, 0 errors, 0 left on base; Wichita State University 1 - Oklahoma State University 0 |
| BOTTOM OF THE 4TH |
|
Oklahoma State University Cowboys batting - Pitching for Wichita State University Shockers : RHP Muckle Wildriver
|
|
Batting: RHB Mario Arriero
|
0-0: Called Strike 0-1: Foul Ball, location: 2F 0-2: Ball 1-2: Strikes out swinging
|
|
Batting: LHB Ed Talamantes
|
0-0: Called Strike 0-1: Ball 1-1: Foul Ball, location: 2F 1-2: Strikes out swinging
|
|
Batting: LHB Orlando Rivera
|
0-0: Called Strike 0-1: Called Strike 0-2: Strikes out looking
|
| Bottom of the 4th over - 0 runs, 0 hits, 0 errors, 0 left on base; Wichita State University 1 - Oklahoma State University 0 |
| TOP OF THE 5TH |
|
Wichita State University Shockers batting - Pitching for Oklahoma State University Cowboys : RHP Jeff Shelton
|
|
Pitching: RHP Daniel Villalobos
|
|
|
Batting: RHB Brad Brady
|
0-0: Called Strike 0-1: Ground out 1-3 (Groundball, 34S, EV 69.4 MPH)
|
|
Batting: SHB Houston Phillips
|
0-0: Called Strike 0-1: Ball 1-1: Called Strike 1-2: Ground out U3 (Groundball, 3, EV 94.4 MPH)
|
|
Batting: LHB Bill Girton
|
0-0: Called Strike 0-1: Foul Ball, location: 2F 0-2: Foul Ball, location: 2F 0-2: Foul Ball, location: 2F 0-2: Strikes out swinging
|
| Top of the 5th over - 0 runs, 0 hits, 0 errors, 0 left on base; Wichita State University 1 - Oklahoma State University 0 |
| BOTTOM OF THE 5TH |
|
Oklahoma State University Cowboys batting - Pitching for Wichita State University Shockers : RHP Muckle Wildriver
|
|
Pitching: RHP Bobby Altamirano
|
|
|
Batting: RHB Justin Dunham
|
0-0: Ball 1-0: Called Strike 1-1: Foul Ball, location: 2F 1-2: Ball 2-2: Fly out, F9 (Flyball, 89D, EV 100.0 MPH)
|
|
Batting: RHB Josh Hopp
|
0-0: Foul Ball, location: 2F 0-1: Foul Ball, location: 2F 0-2: Ball 1-2: Ground out 6-3 (Groundball, 6, EV 90.6 MPH)
|
|
Batting: RHB Wiliama Dana
|
0-0: Ground out 5-3 (Groundball, 5, EV 103.8 MPH)
|
| Bottom of the 5th over - 0 runs, 0 hits, 0 errors, 0 left on base; Wichita State University 1 - Oklahoma State University 0 |
| TOP OF THE 6TH |
|
Wichita State University Shockers batting - Pitching for Oklahoma State University Cowboys : RHP Daniel Villalobos
|
|
Batting: RHB Jonathan Iniguez
|
0-0: Ball 1-0: Ball 2-0: Ball 3-0: Base on Balls
|
|
Batting: RHB Kieron Clark
|
0-0: Ball 1-0: Sac Bunt to 13 - play at first, batter OUT! 1-4 Jonathan Iniguez to second
|
|
Batting: RHB Zach Maguire
|
0-0: Called Strike 0-1: Foul Ball, location: 2F 0-2: Ball 1-2: Ball 2-2: Ball 3-2: Base on Balls
|
|
Batting: LHB Steve LeGrand
|
0-0: Called Strike 0-1: Ball 1-1: Swinging Strike 1-2: Foul Ball, location: 2F 1-2: Ball 2-2: Strikes out swinging
|
|
Batting: RHB Nick Gossman
|
0-0: SINGLE (Flyball, 8RS, EV 90.6 MPH) Jonathan Iniguez to third Zach Maguire to second Runner from 3rd tries for Home, SAFE, throw by CF to home
|
|
Batting: RHB Bill Nguyen-Tan
|
0-0: Called Strike 0-1: Ball 1-1: Ball Wild Pitch! Zach Maguire to third Nick Gossman to second 2-1: Foul Ball, location: 2F 2-2: Ball 3-2: Foul Ball, location: 2F 3-2: Base on Balls
|
|
Batting: RHB Brad Brady
|
0-0: Ball 1-0: Swinging Strike 1-1: Fly out, F8 (Flyball, 8LM, EV 93.8 MPH)
|
| Top of the 6th over - 1 run, 1 hit, 0 errors, 3 left on base; Wichita State University 2 - Oklahoma State University 0 |
| BOTTOM OF THE 6TH |
|
Oklahoma State University Cowboys batting - Pitching for Wichita State University Shockers : RHP Bobby Altamirano
|
|
Batting: LHB Ian Cranton
|
0-0: Ball 1-0: Foul Ball, location: 2F 1-1: Ground out 4-3 (Groundball, 4, EV 105.0 MPH)
|
|
Batting: RHB Larry Clark
|
0-0: Called Strike 0-1: Fly out, F8 (Flyball, 8RS, EV 89.4 MPH)
|
|
Batting: SHB Tyler Maddux
|
0-0: Ball 1-0: Called Strike 1-1: Ball 2-1: Ball 3-1: Called Strike 3-2: Foul Ball, location: 2F 3-2: Base on Balls
|
|
Batting: RHB Mario Arriero
|
0-0: Ball 1-0: Ball 2-0: Ground out 4-3 (Groundball, 4, EV 87.5 MPH)
|
| Bottom of the 6th over - 0 runs, 0 hits, 0 errors, 1 left on base; Wichita State University 2 - Oklahoma State University 0 |
| TOP OF THE 7TH |
|
Wichita State University Shockers batting - Pitching for Oklahoma State University Cowboys : RHP Daniel Villalobos
|
|
Pitching: RHP Rickey DuMire
|
|
|
Batting: SHB Houston Phillips
|
0-0: Called Strike 0-1: Ground out 5-3 (Groundball, 5L, EV 82.5 MPH)
|
|
Batting: LHB Bill Girton
|
0-0: Ball 1-0: Ball 2-0: Ball 3-0: Called Strike 3-1: Base on Balls
|
|
Batting: RHB Jonathan Iniguez
|
0-0: Called Strike 0-1: Foul Ball, location: 2F 0-2: Ball 1-2: Ball 2-2: DOUBLE (Line Drive, 5D, EV 95.6 MPH) Bill Girton to third
|
|
Batting: RHB Kieron Clark
|
0-0: Foul Ball, location: 2F 0-1: Swinging Strike 0-2: Ball 1-2: Strikes out looking
|
|
Batting: LHB Sam Williams
|
0-0: Ball 1-0: Ball 2-0: Called Strike 2-1: Fly out, F7 (Flyball, 8LS, EV 82.5 MPH)
|
| Top of the 7th over - 0 runs, 1 hit, 0 errors, 2 left on base; Wichita State University 2 - Oklahoma State University 0 |
| BOTTOM OF THE 7TH |
|
Oklahoma State University Cowboys batting - Pitching for Wichita State University Shockers : RHP Bobby Altamirano
|
|
Batting: LHB Ed Talamantes
|
0-0: Ball 1-0: Ball 2-0: Called Strike 2-1: Ball 3-1: Called Strike 3-2: Strikes out looking
|
|
Batting: LHB Orlando Rivera
|
0-0: Swinging Strike 0-1: Called Strike 0-2: Ball 1-2: Strikes out swinging
|
|
Batting: RHB Justin Dunham
|
0-0: Ball 1-0: Ball 2-0: Foul Ball, location: 2F 2-1: Foul Ball, location: 2F 2-2: Fly out, F8 (Flyball, 8RXD, EV 105.6 MPH)
|
| Bottom of the 7th over - 0 runs, 0 hits, 0 errors, 0 left on base; Wichita State University 2 - Oklahoma State University 0 |
| TOP OF THE 8TH |
|
Wichita State University Shockers batting - Pitching for Oklahoma State University Cowboys : RHP Rickey DuMire
|
|
Batting: LHB Steve LeGrand
|
0-0: Ball 1-0: Ground out U3 (Groundball, 34S, EV 81.9 MPH)
|
|
Batting: RHB Nick Gossman
|
0-0: Foul Ball, location: 2F 0-1: Ball 1-1: Swinging Strike 1-2: Ground out U3 (Groundball, 34, EV 103.1 MPH)
|
|
Batting: RHB Bill Nguyen-Tan
|
0-0: Ball 1-0: Ball 2-0: Called Strike 2-1: Foul Ball, location: 2F 2-2: Strikes out looking
|
| Top of the 8th over - 0 runs, 0 hits, 0 errors, 0 left on base; Wichita State University 2 - Oklahoma State University 0 |
| BOTTOM OF THE 8TH |
|
Oklahoma State University Cowboys batting - Pitching for Wichita State University Shockers : RHP Bobby Altamirano
|
|
Pitching: RHP Tony Avila
|
|
|
Batting: RHB Josh Hopp
|
0-0: Ball 1-0: Ball 2-0: Foul Ball, location: 2F 2-1: Ball 3-1: Base on Balls
|
|
Batting: RHB Wiliama Dana
|
0-0: Ball 1-0: Foul Ball, location: 2F 1-1: Foul Ball, location: 2F 1-2: Ball Wild Pitch! Josh Hopp to second 2-2: Foul Ball, location: 2F 2-2: Foul Ball, location: 2F 2-2: Foul Ball, location: 2F 2-2: Ball 3-2: Strikes out looking
|
|
Batting: RHB Steve Hutchins
|
0-0: Called Strike 0-1: Foul Ball, location: 2F 0-2: Ball 1-2: Ball 2-2: Strikes out swinging
|
|
Pinch Hitting: RHB Josh Patterson
|
0-0: Ball 1-0: Ball 2-0: Ball 3-0: Base on Balls
|
|
Pinch Hitting: SHB Chris Wagler
|
0-0: Called Strike 0-1: Ball 1-1: Ball 2-1: Called Strike 2-2: Ball 3-2: Base on Balls Josh Hopp to third Josh Patterson to second
|
|
Pinch Hitting: RHB Ed Santibanez
|
0-0: Called Strike 0-1: Ball 1-1: Foul Ball, location: 2F 1-2: Fly out, F5 (Line Drive, 5, EV 65.6 MPH)
|
| Bottom of the 8th over - 0 runs, 0 hits, 0 errors, 3 left on base; Wichita State University 2 - Oklahoma State University 0 |
| TOP OF THE 9TH |
|
Wichita State University Shockers batting - Pitching for Oklahoma State University Cowboys : RHP Rickey DuMire
|
|
Now at 3B: Kinzo Yokoyama
|
|
|
Now at SS: Chris Wagler
|
|
|
Now in LF: Ed Santibanez
|
|
|
Pinch Hitting: RHB Alex Campos
|
0-0: Foul Ball, location: 2F 0-1: Foul Ball, location: 2F 0-2: Foul Ball, location: 2F 0-2: SINGLE (Groundball, 34D, EV 108.1 MPH)
|
|
Pinch Hitting: RHB Efrain Cedeno
|
0-0: Ball 1-0: Ball 2-0: Ball 3-0: DOUBLE (Line Drive, 78D, EV 103.1 MPH) Alex Campos to third
|
|
Batting: LHB Bill Girton
|
0-0: Called Strike 0-1: Swinging Strike 0-2: Reached via error on a dropped throw from 1B, E1 (Groundball, 34S, EV 86.2 MPH) Alex Campos scores Efrain Cedeno to third
|
|
Pitching: RHP Roberto Lamadrid
|
|
|
Pinch Hitting: RHB Manny Hensley
|
0-0: Ball 1-0: SINGLE (Line Drive, 5D, EV 107.5 MPH) Efrain Cedeno scores Bill Girton to second
|
|
DELAY
|
Rain delay of 20 minutes in the 9th inning.
|
|
Pinch Hitting: RHB Jason Baldwin
|
0-0: Called Strike 0-1: Fly out, F7 (Flyball, 78S, EV 76.2 MPH)
|
|
Batting: LHB Sam Williams
|
0-0: Ball 1-0: Ball 2-0: Foul Ball, location: 2F 2-1: Ball 3-1: Base on Balls Bill Girton to third Manny Hensley to second
|
|
Pinch Hitting: SHB Nadhir Umayr
|
0-0: Ball 1-0: Called Strike 1-1: Hit by Pitch Bill Girton scores Manny Hensley to third Sam Williams to second
|
|
Pinch Hitting: RHB Caleb Wachtler
|
0-0: Foul Ball, location: 2F 0-1: Ball 1-1: Swinging Strike 1-2: Strikes out swinging
|
|
Batting: RHB Bill Nguyen-Tan
|
0-0: Called Strike 0-1: Ball 1-1: Swinging Strike 1-2: Ball 2-2: Ball 3-2: Base on Balls Manny Hensley scores Sam Williams to third Nadhir Umayr to second
|
|
Batting: RHB Alex Campos
|
0-0: Called Strike 0-1: Ball 1-1: Foul Ball, location: 2F 1-2: Ball 2-2: Strikes out looking
|
| Top of the 9th over - 4 runs, 3 hits, 1 error, 3 left on base; Wichita State University 6 - Oklahoma State University 0 |
| BOTTOM OF THE 9TH |
|
Oklahoma State University Cowboys batting - Pitching for Wichita State University Shockers : RHP Tony Avila
|
|
Now at C: Caleb Wachtler
|
|
|
Now at 1B: Nadhir Umayr
|
|
|
Now at 2B: Jason Baldwin
|
|
|
Now at 3B: Alex Campos
|
|
|
Now at SS: Efrain Cedeno
|
|
|
Now in CF: Manny Hensley
|
|
|
Batting: LHB Ed Talamantes
|
0-0: Ball 1-0: Ball 2-0: Ball 3-0: Called Strike 3-1: Base on Balls
|
|
Pitching: RHP Franklin Vazquez
|
|
|
Pinch Hitting: RHB Robbie Gomez
|
0-0: Ball 1-0: Ball 2-0: Foul Ball, location: 2F 2-1: Called Strike 2-2: Foul Ball, location: 2F 2-2: Ball 3-2: Foul Ball, location: 2F 3-2: Foul Ball, location: 2F 3-2: Foul Ball, location: 2F 3-2: SINGLE (Flyball, 3D, EV 95.0 MPH) Ed Talamantes to second
|
|
Pinch Hitting: RHB Francisco Cabrera
|
0-0: Called Strike 0-1: Foul Ball, location: 2F 0-2: Ball 1-2: Foul Ball, location: 2F 1-2: Strikes out looking
|
|
Pinch Hitting: RHB Tony Cabrera
|
0-0: Grounds into double play, 6-4-3 (Groundball, 6, EV 103.1 MPH)
|
| Bottom of the 9th over - 0 runs, 1 hit, 0 errors, 1 left on base; Wichita State University 6 - Oklahoma State University 0 |
|